 Dungeon Crawl Stone Soup version 0.25-a0-42-g6c54e25894 (webtiles) character file.

Game seed: 18226343718054084383, levelgen mode: deterministic

1658493 MeekVeins the Acrobat (level 27, 231/231 HPs)
             Began as a Merfolk Ice Elementalist on Oct 22, 2019.
             Was the Champion of Okawaru.
             Escaped with the Orb
             ... and 3 runes!
             The game lasted 04:53:30 (76196 turns).

MeekVeins the Acrobat (Merfolk Ice Elementalist)   Turns: 76196, Time: 04:53:31

Health: 231/231    AC: 37    Str: 30    XL:     27
Magic:  38/44      EV: 41    Int: 18    God:    Okawaru [******]
Gold:   8348       SH: 45    Dex: 32    Spells: 30/38 levels left

rFire    + + +     SeeInvis +   b - +9 demon trident (freeze)
rCold    + + .     Gourm    .   l - +8 large shield "Gosis" {god gift, +Fly rF+ Str+4 Int+2}
rNeg     + . .     Faith    .   E - +7 chain mail of Ykhliaj {god gift, *Drain MR++ Dex+2 Stlth+}
rPois    .         Spirit   .   j - +5 helmet of Ilynte {+Fly rN+ MP+9}
rElec    +         Reflect  +   L - scarf {rC+ rF+}
rCorr    .         Harm     .   V - +1 pair of gloves "Gics" {god gift, Str+4 Slay-4 SInv}
MR       +++++                  v - +2 pair of boots {Stlth+} {god gift}
Stlth    +++.......             d - brooch of Shielding {Reflect SH+8}
HPRegen  0.48/turn              s - ring "Keczog" {rElec rF+ MR+ Dex+2}
MPRegen  0.29/turn              e - ring of Rawn {Int+2 Slay+5}

@: mighty, agile, heroism, finesse, hasted, very quick
A: change form in water, swift swim, stealthy swim, agile 1, blink, cold
resistance 1, mutation resistance 1, strong 1, subdued magic 1
0: Orb of Zot
}: 3/15 runes: decaying, serpentine, silver
a: Blink, Heroism, Finesse, Renounce Religion, Evoke Flight


You escaped.
You worshipped Okawaru.
Okawaru was exalted by your worship.
You were not hungry.

You visited 10 branches of the dungeon, and saw 50 of its levels.
You also visited: Trove, Sewer, Ice Cave and Wizlab.

You collected 9404 gold pieces.
You spent 1056 gold pieces at shops.

Inventory:

Hand Weapons
 a - a +9 demon trident of electrocution
 b - a +9 demon trident of freezing (weapon)
Missiles
 h - 36 curare-tipped darts (quivered)
 O - 26 silver javelins {god gift}
 Z - 4 throwing nets
Armour
 c - a +2 cloak of invisibility {god gift}
 j - the +5 helmet of Ilynte (worn) {+Fly rN+ MP+9}
   (You found it on level 6 of the Lair of Beasts)

   It protects you from negative energy.
   It affects your magic capacity (+9).
   It lets you fly.
 l - the +8 large shield "Gosis" (worn) {god gift, +Fly rF+ Str+4 Int+2}
   (Okawaru gifted it to you on level 2 of the Vaults)

   It affects your strength (+4).
   It affects your intelligence (+2).
   It protects you from fire.
   It lets you fly.
 r - the +2 pair of boots "Ywninab" {*Slow rElec MR+++ Str-4}
   (You acquired it on level 1 of the Elven Halls)

   It affects your strength (-4).
   It insulates you from electricity.
   It affects your resistance to hostile enchantments.
   It may slow you when you take damage.
 v - a +2 pair of boots of stealth (worn) {god gift}
 E - the +7 chain mail of Ykhliaj (worn) {god gift, *Drain MR++ Dex+2 Stlth+}
   (Okawaru gifted it to you on level 5 of the Lair of Beasts)

   It affects your dexterity (+2).
   It affects your resistance to hostile enchantments.
   It causes draining when unequipped.
   It makes you more stealthy.
 L - a scarf of resistance (worn)
 V - the +1 pair of gloves "Gics" (worn) {god gift, Str+4 Slay-4 SInv}
   (Okawaru gifted it to you on level 4 of the Swamp)

   It affects your strength (+4).
   It affects your accuracy and damage with ranged weapons and melee attacks
   (-4).
   It lets you see invisible.
Jewellery
 d - the brooch of Shielding (around neck) {Reflect SH+8}
   (You found it on level 6 of the Lair of Beasts)

   [amulet of reflection]

   It shields you and reflects attacks.
   It affects your SH (+8).
 e - the ring of Rawn (right hand) {Int+2 Slay+5}
   (You found it on level 2 of the Swamp)

   [ring of intelligence]

   It affects your intelligence (+2).
   It affects your accuracy and damage with ranged weapons and melee attacks
   (+5).
 o - the amulet of the Stag {RegenMP rElec rPois Str+6}
   (You found it on level 4 of the Depths)

   [amulet of magic regeneration]

   It increases your magic regeneration.
   It affects your strength (+6).
   It insulates you from electricity.
   It protects you from poison.
 s - the ring "Keczog" (left hand) {rElec rF+ MR+ Dex+2}
   (You took it off an ogre mage on level 5 of the Vaults)

   [ring of dexterity]

   It affects your dexterity (+2).
   It protects you from fire.
   It insulates you from electricity.
   It affects your resistance to hostile enchantments.
 t - the ring of Talonky {rF++ rN+ MP+9 Str+2 Dex-4}
   (You found it on level 2 of the Depths)

   [ring of magical power]

   It affects your strength (+2).
   It affects your dexterity (-4).
   It greatly protects you from fire.
   It protects you from negative energy.
   It affects your magic capacity (+9).
 y - a +5 ring of slaying
Wands
 i - a wand of digging (18)
 A - a wand of acid (20)
Scrolls
 g - 3 scrolls of fog
 n - 9 scrolls of fear
 p - 3 scrolls of vulnerability
 u - 25 scrolls of remove curse
 x - a scroll of acquirement
 B - 6 scrolls of blinking
 F - 2 scrolls of enchant armour
 G - 5 scrolls of immolation
 K - 2 scrolls of holy word
 M - a scroll of magic mapping
 R - 2 scrolls of enchant weapon
 T - 16 scrolls of teleportation
Potions
 k - 5 potions of cancellation
 w - 2 potions of brilliance
 C - 3 potions of invisibility
 D - 5 potions of might
 H - 6 potions of haste
 I - 4 potions of mutation {!q}
 J - 2 potions of berserk rage
 N - 2 potions of resistance
 Q - 14 potions of curing
 S - 4 potions of agility
 U - 3 potions of magic
 W - 5 potions of heal wounds
Miscellaneous
 f - 3 phantom mirrors
 q - a sack of spiders
 X - a phial of floods
 Y - a lamp of fire
Comestibles
 z - 71 rations


   Skills:
 - Level 22.0(27) Fighting
 - Level 18.0(23.0) Polearms
 - Level 6.0(11.0) Throwing
 + Level 18.0(23.0) Armour
 - Level 22.0(27) Dodging
 - Level 14.0(19.0) Stealth
 - Level 22.0(27) Shields
 - Level 6.0 Spellcasting
   Level 0.7 Conjurations
 - Level 10.0 Charms
 - Level 4.0 Summonings
 - Level 6.0 Necromancy
 - Level 6.0 Ice Magic
 - Level 12.0 Invocations
 - Level 16.0 Evocations


You had 30 spell levels left.
You knew the following spells:

 Your Spells              Type           Power        Failure   Level  Hunger
a - Freeze                Ice            ###.         1%          1    None
x - Ozocubu's Armour      Chrm/Ice       ####....     2%          3    ##.....
B - Summon Butterflies    Summ           ###.....     4%          1    None
R - Regeneration          Chrm/Necr      ####......   2%          3    ##.....

Your spell library contained the following spells:

 Spells                   Type           Power        Failure   Level  Hunger
 Animate Skeleton         Necr           N/A          1%          1    None
 Infusion                 Chrm           ####         1%          1    None
 Pain                     Necr           ###.         1%          1    None
 Song of Slaying          Chrm           ####....     1%          2    None
 Corpse Rot               Necr           N/A          2%          2    None
 Sublimation of Blood     Necr           ###.......   2%          2    None
 Summon Small Mammal      Summ           ###.         4%          1    None
 Swiftness                Chrm/Air       ###.....     4%          2    None
 Vampiric Draining        Necr           ###.......   5%          3    ##.....
 Call Imp                 Summ           ###.....     7%          2    None
 Throw Frost              Conj/Ice       ##....       9%          2    None
 Ensorcelled Hibernation  Hex/Ice        ##....       10%         2    None
 Call Canine Familiar     Summ           ###.....     13%         3    ##.....
 Magic Dart               Conj           #...         19%         1    None
 Animate Dead             Necr           N/A          19%         4    ####...
 Flame Tongue             Conj/Fire      #....        21%         1    None
 Shock                    Conj/Air       #...         21%         1    None
 Sting                    Conj/Pois      #...         21%         1    None
 Apportation              Tloc           #.....       24%         1    None
 Beastly Appendage        Tmut           #.....       24%         1    None
 Confusing Touch          Hex            #.....       24%         1    None
 Corona                   Hex            #......      24%         1    None
 Sandblast                Erth           #.....       24%         1    None
 Excruciating Wounds      Chrm/Necr      ####......   24%         5    #####..
 Searing Ray              Conj           #.....       28%         2    None
 Summon Ice Beast         Ice/Summ       ###.....     30%         4    ####...
 Throw Flame              Conj/Fire      #.....       32%         2    None
 Recall                   Summ/Tloc      N/A          32%         3    ##.....
 Blink                    Tloc           N/A          34%         2    None
 Poisonous Vapours        Pois/Air       #.....       34%         2    None
 Slow                     Hex            #.......     34%         2    None
 Sticks to Snakes         Tmut           #.......     34%         2    None
 Throw Icicle             Conj/Ice       ##......     52%         4    ####...
 Conjure Flame            Conj/Fire      #.......     54%         3    ##.....
 Dazzling Spray           Conj/Hex       #.....       54%         3    ##.....
 Static Discharge         Conj/Air       #.......     54%         3    ##.....
 Stone Arrow              Conj/Erth      #.....       54%         3    ##.....
 Mephitic Cloud           Conj/Pois/Air  #.......     56%         3    ##.....
 Confuse                  Hex            #.......     58%         3    ##.....
 Gell's Gravitas          Tloc           #.........   58%         3    ##.....
 Ignite Poison            Fire/Tmut/Pois #.......     58%         3    ##.....
 Inner Flame              Hex/Fire       #.......     58%         3    ##.....
 Portal Projectile        Hex/Tloc       #.....       58%         3    ##.....
 Spider Form              Tmut/Pois      #.........   58%         3    ##.....
 Tukima's Dance           Hex            #.......     58%         3    ##.....
 Ice Form                 Ice/Tmut       ##......     58%         4    ####...
 Iskenderun's Mystic Bla  Conj           #.......     89%         4    ####...
 Borgnjor's Vile Clutch   Necr/Erth      ##........   90%         5    #####..
 Metabolic Englaciation   Hex/Ice        ##........   90%         5    #####..
 Force Lance              Conj/Tloc      #.......     92%         4    ####...
 Fulminant Prism          Conj/Hex       #.........   92%         4    ####...
 Airstrike                Air            #.........   94%         4    ####...
 Cause Fear               Hex            #.........   94%         4    ####...
 Leda's Liquefaction      Hex/Erth       #.........   94%         4    ####...
 Olgreb's Toxic Radiance  Pois           #.......     94%         4    ####...
 Petrify                  Tmut/Erth      #.......     94%         4    ####...
 Summon Forest            Summ/Tloc      #.........   97%         5    #####..
 Summon Mana Viper        Hex/Summ       #.......     97%         5    #####..
 Death Channel            Necr           ###.......   97%         6    #######
 Simulacrum               Ice/Necr       ###.......   98%         6    #######
 Fireball                 Conj/Fire      #.........   99%         5    #####..
 Lightning Bolt           Conj/Air       #.........   99%         5    #####..
 Venom Bolt               Conj/Pois      #.........   99%         5    #####..
 Alistair's Intoxication  Tmut/Pois      #.......     100%        5    #####..
 Blade Hands              Tmut           #.........   100%        5    #####..
 Bolt of Magma            Conj/Fire/Erth #.........   100%        5    #####..
 Silence                  Hex/Air        #.........   100%        5    #####..
 Yara's Violent Unravell  Hex/Tmut       #.........   100%        5    #####..
 Bolt of Fire             Conj/Fire      #.........   100%        6    #######
 Conjure Ball Lightning   Conj/Air       #.........   100%        6    #######
 Darkness                 Hex            #.........   100%        6    #######
 Freezing Cloud           Conj/Ice/Air   ##........   100%        6    #######
 Hydra Form               Tmut           #.........   100%        6    #######
 Iron Shot                Conj/Erth      #.........   100%        6    #######
 Shadow Creatures         Summ           N/A          100%        6    #######
 Statue Form              Tmut/Erth      #........    100%        6    #######
 Dragon Form              Tmut           #.........   100%        7    #######
 Ring of Flames           Chrm/Fire      ###.......   100%        7    #######
 Summon Hydra             Summ           ###.......   100%        7    #######
 Ignition                 Fire           #.........   100%        8    #######
 Dragon's Call            Summ           ###.......   100%        9    #######
 Shatter                  Erth           #.........   100%        9    #######
 Tornado                  Air            #.........   100%        9    #######


Dungeon Overview and Level Annotations

Branches:
Dungeon (15/15)            Temple (1/1) D:6            Lair (6/6) D:9
  Swamp (4/4) Lair:4        Snake (4/4) Lair:2        Slime (0/5) Lair:5
    Orc (2/2) D:12            Elf (3/3) Orc:2        Vaults (5/5) D:14
  Crypt (0/3) Vaults:2     Depths (5/5) D:15            Zot (5/5) Depths:5
  Sewer (visited)           IceCv (visited)          WizLab (visited)

Altars:
Ashenzari
Cheibriados
Dithmenos
Elyvilon
Fedhas
Gozag
Kikubaaqudgha
Makhleb
Nemelex Xobeh
Okawaru
Qazlal
Ru
Sif Muna
Trog
Uskayaw
Vehumet
Wu Jian
Xom
Yredelemnul
Zin
The Shining One

Shops:
D:12 *   D:15 (   Orc:2 [*(=   Elf:1 [}   Elf:2 *   Elf:3 =   Snake:4 ?
Vaults:1 %   Depths:4 !

Portals:
Hell: Depths:1 Depths:2 Depths:3 Depths:4 Depths:5
Abyss: Depths:4
Pandemonium: Depths:3
Ziggurat: Depths:2

Annotations:
Lair:5 exclusion: 2 oklob plants
Snake:4 2 transporters, Gusias's ghost, adept OgFE
Elf:1 6 runed translucent doors
Elf:2 5 runed translucent doors
Vaults:5 exclusion: 2 doors
Depths:1 exclusion: door


Innate Abilities, Weirdness & Mutations

You revert to your normal form in water.
You are very nimble and swift while swimming.
You are very stealthy in the water. (Stealth+)
You are agile. (Dex +2)
You can translocate small distances at will.
Your flesh is cold resistant. (rC+)
You are somewhat resistant to further mutation.
Your muscles are strong. (Str +2)
Your spells are a little easier to cast, but a little less powerful.


Message History

You closely miss the sixfirhy. You barely miss the sixfirhy.
You puncture the sixfirhy! You freeze the sixfirhy.
The sixfirhy is moderately wounded.
You impale the sixfirhy!! You freeze the sixfirhy!
You kill the sixfirhy!
Okawaru accepts your kill.
There is a staircase leading out of the dungeon here.
Okay, then.
You remove the amulet of the Stag {RegenMP rElec rPois Str+6}.
d - the brooch of Shielding (around neck) {Reflect SH+8}
Okay, then.
You feel very mighty all of a sudden.
You feel agile all of a sudden.
You can now deal lightning-fast blows.
You gain the combat prowess of a mighty hero.
Quiver which item? (- for none, * to show all) (? for menu, Esc to quit)
Okay, then.
You feel yourself speed up.
You have escaped!

# ###.#######....###.........##
## ##..(..(......## ##..#.####.#
.# #.#..........## ##.#..#.... .#
##............# #..####...# .#
##.#####.#.############...##
.######.# #)###.....§.....§..##
........# #.##.....§§≈§≈(.§....
#######.## #.##....§§§§≈≈§......
### #.#.# #..#@...≈≈$>?≈≈......
..# #..## #.##....§≈≈≈≈≈≈......
#.# #.## #)##....§§≈§§§§.....#
#.####.# ####.###.§§...........##
#..÷...# #......############.....
..########........#..#.######...#
### #....................# #...#
#.###..............#.#######
#.##.....##.###.##.#...#


There were no monsters in sight!

Vanquished Creatures
  A pandemonium lord (Zot:5)
  4 ancient liches
  4 orbs of fire
  5 juggernauts
  7 Killer Klowns
  Saint Roka (Vaults:4)
  3 caustic shrikes
  10 golden dragons
  Nikola (Vaults:1)
  3 curse toes
  A bone dragon (Depths:5)
  A Tzitzimitl (Zot:5)
  A lich (Depths:3)
  4 electric golems
  2 Brimstone Fiends
  An Ice Fiend (IceCv)
  20 tentacled monstrosities
  26 Orb Guardians
  Rupert (D:14)
  2 deep elf master archers (Elf:3)
  A deep elf blademaster (Elf:3)
  9 titans
  8 quicksilver dragons
  Frances (D:12)
  5 death cobs
  10 sphinxes
  An ancient champion (Vaults:2)
  Kirke (D:14)
  9 tengu reavers
  9 nagarajas (Snake:4)
  4 draconian monks
  11 shadow dragons
  16 storm dragons
  A thorn hunter (Swamp:3)
  14 fire giants
  5 draconian knights
  A ghost moth (Zot:5)
  13 frost giants
  6 deep elf sorcerers (Elf:3)
  3 draconian scorchers
  A balrug (Depths:5)
  3 deep elf elementalists
  Louise (Depths:4)
  3 orc warlords
  4 iron dragons
  A ghoul (Vaults:5)
  2 spriggan defenders
  4 draconian stormcallers
  20 vault wardens
  15 ironheart preservers
  4 draconian shifters
  3 draconian annihilators
  16 very ugly things
  2 black draconians
  A war gargoyle (Vaults:5)
  An entropy weaver (Vaults:5)
  10 green draconians
  The ghost of Ykhopp the Corrupter of Planes, a journeyman DsAK of Lugonu (Elf:2)
  28 stone giants
  4 vampire knights
  9 deep elf demonologists
  8 deep elf annihilators
  6 white draconians
  6 dire elephants (Lair:6)
  8 red draconians
  A spark wasp (Depths:5)
  7 yellow draconians
  7 purple draconians
  2 green deaths (Swamp:4)
  11 ettins
  A merfolk javelineer (Depths:3)
  5 deep elf death magi
  8 great orbs of eyes
  A crystal guardian (Vaults:4)
  5 jiangshi
  9 deep elf high priests
  17 ice dragons
  21 fire dragons
  A great orb of eyes (shapeshifter) (Depths:4)
  24 yaktaur captains
  18 hydras
  3 rakshasas
  35 vault guards
  10 spriggan air magi
  14 naga warriors
  The ghost of MisterFreud the Grappler, a novice TrHu of Ru (D:12)
  A shambling mangrove (Swamp:2)
  3 ghost crabs
  9 anacondas
  8 centaur warriors
  25 two-headed ogres
  5 death knights
  11 alligators
  12 ogre magi
  15 dancing weapons
  5 tengu warriors
  4 death yaks
  16 deep troll earth magi
  A titan zombie (Depths:2)
  13 deep troll shamans
  6 orc high priests
  8 spriggan berserkers
  3 vampire magi
  A thrashing horror (Swamp:4)
  4 shock serpents
  26 naga sharpshooters
  Urug (Lair:6)
  23 deep elf knights
  A soul eater (Zot:5)
  A sixfirhy (D:1)
  8 hell knights
  4 sun demons
  4 iron trolls
  4 fire crabs (shapeshifter)
  A shadow wraith (Vaults:1)
  3 large abominations
  36 deep trolls
  6 skeletal warriors
  4 salamander mystics
  A spriggan druid (Swamp:4)
  2 unseen horrors
  14 orc knights
  10 deep elf archers
  3 glowing orange brains
  3 flayed ghosts
  2 sea snakes (Snake:2)
  8 naga ritualists
  7 swamp dragons
  15 ironbrand convokers
  2 wizards (Vaults:3)
  8 harpies
  6 phantasmal warriors
  4 necromancers
  10 orc sorcerers
  48 ugly things
  15 mana vipers
  9 salamanders
  4 oklob plants (Lair:6)
  5 wolf spiders
  61 deep elf magi
  A mana viper (shapeshifter) (Vaults:5)
  A shadow dragon skeleton (Depths:2)
  A manticore (shapeshifter) (Depths:5)
  2 cyclopes
  A manticore (D:13)
  A shining eye (shapeshifter) (Depths:4)
  7 moths of wrath
  5 elephants
  A salamander (shapeshifter) (Depths:5)
  An elf zombie (Vaults:5)
  11 vault sentinels
  4 guardian serpents
  A moth of wrath (shapeshifter) (Vaults:4)
  2 torpor snails
  A water nymph (shapeshifter) (Depths:3)
  2 guardian serpents (shapeshifter)
  22 naga magi
  2 torpor snails (shapeshifter) (Vaults:5)
  3 ice statues
  34 black mambas
  2 centaur zombies
  A smoke demon (Zot:5)
  3 gargoyles
  A centaur skeleton (D:12)
  19 spiny frogs
  3 orange demons (Swamp:4)
  2 spiny frogs (shapeshifter)
  3 rime drakes
  14 freezing wraiths
  5 komodo dragons
  68 yaktaurs
  A rime drake (shapeshifter) (Depths:2)
  6 ice devils (IceCv)
  5 golden dragon simulacra (IceCv)
  5 tengu conjurers
  An efreet (D:15)
  A merfolk (shapeshifter) (Vaults:5)
  3 trolls
  A shadow dragon simulacrum (Vaults:5)
  17 hornets
  A queen bee (Depths:3)
  2 wolf spider simulacra (IceCv)
  A raiju (shapeshifter) (Vaults:3)
  A blink frog (shapeshifter) (Vaults:3)
  11 bog bodies
  11 blink frogs
  32 slime creatures
  6 tyrant leeches
  A hornet (shapeshifter) (Vaults:3)
  13 dream sheep (Lair:6)
  11 hippogriffs
  2 ettin zombies
  A frost giant simulacrum (Depths:2)
  A redback (shapeshifter) (Depths:3)
  2 redbacks (Vaults:5)
  4 shadows
  13 spriggans
  An air elemental (Elf:1)
  2 vampires (D:12)
  11 water elementals
  A yak (shapeshifter) (Vaults:3)
  4 dire elephant simulacra (IceCv)
  2 fire elementals (Elf:3)
  A hog (shapeshifter) (Depths:2)
  4 wraiths
  A tarantella (shapeshifter) (Depths:4)
  7 wyverns
  10 humans (D:14)
  A golden eye (shapeshifter) (Vaults:1)
  62 yaks
  5 basilisks
  16 vampire mosquitoes
  A steam dragon (shapeshifter) (Vaults:5)
  5 hogs
  5 hungry ghosts
  A steam dragon (D:7)
  10 insubstantial wisps
  A harpy simulacrum (Vaults:1)
  2 soldier ants
  8 wargs
  61 nagas
  15 swamp worms
  A soldier ant (shapeshifter) (Vaults:2)
  5 hydra simulacra (IceCv)
  16 water moccasins
  47 orc warriors
  3 floating eyes
  4 porcupines
  A hornet zombie (D:10)
  4 ice beasts
  An ettin simulacrum (IceCv)
  4 sky beasts (D:7)
  9 swamp drakes
  3 black bears
  19 boggarts
  4 phantoms
  An eye of draining (D:14)
  30 ogres
  37 wolves
  7 centaurs
  A big kobold (shapeshifter) (Vaults:3)
  13 crocodiles
  4 big kobolds
  A wyvern zombie (D:13)
  19 bullfrogs
  2 earth elementals (Elf:1)
  2 wyvern skeletons
  19 killer bees (Depths:3)
  3 scorpions
  3 wights (D:8)
  5 howler monkeys
  2 electric eels
  A draconian simulacrum (IceCv)
  7 crimson imps
  3 quasits
  5 hounds
  An iron imp (Orc:1)
  7 jellies
  24 orc priests
  A bullfrog skeleton (D:12)
  7 iguanas
  40 orc wizards
  2 troll simulacra (IceCv)
  Terence (D:2)
  4 worker ants
  2 polar bear simulacra (IceCv)
  2 spriggan simulacra (IceCv)
  2 killer bee zombies
  A howler monkey zombie (D:9)
  A worker ant zombie (D:11)
  8 gnolls
  A howler monkey skeleton (D:11)
  18 adders
  3 naga simulacra (IceCv)
  3 river rats (D:4)
  4 shadow imps
  9 white imps
  5 ufetubi (IceCv)
  11 oozes (Lair:4)
  2 adder skeletons
  6 worms
  5 dart slugs
  6 leopard geckos
  103 orcs
  5 ball pythons
  7 giant cockroaches
  8 goblins
  5 hobgoblins (D:1)
  2 jackals (D:5)
  4 quokkas
  12 bats
  2 frilled lizards
  A goblin zombie (D:8)
  2 hobgoblin zombies (D:8)
  31 kobolds
  3 kobold zombies (D:8)
  7 rats
  A crawling corpse (Vaults:5)
  6 plants (Lair:6)
2372 creatures vanquished.

Vanquished Creatures (collateral kills)
  A yaktaur captain (Vaults:5)
  2 ogre magi (Vaults:5)
  2 yaktaurs (Vaults:5)
  A black bear (Lair:5)
  2 wights (D:8)
8 creatures vanquished.

Vanquished Creatures (others)
  A Killer Klown (Zot:5)
  A tentacled monstrosity (Depths:5)
  A lich (Vaults:5)
  An Orb Guardian (Zot:5)
  A quicksilver dragon (Zot:2)
  A storm dragon (Zot:5)
  A green draconian (Zot:3)
  2 yaktaur captains (Depths:5)
  2 deep elf knights (Elf:2)
  4 deep elf archers
  2 deep elf magi
  An ugly thing (D:15)
  3 yaktaurs
  2 insubstantial wisps (Swamp:4)
  A swamp drake (Swamp:3)
  A crocodile (Lair:6)
  A white imp (IceCv)
  An orc (Orc:1)
  24 fungi
  12 plants
63 creatures vanquished.

Grand Total: 2443 creatures vanquished

Notes
Turn   | Place    | Note
-------+----------+-------------------------------------------
     0 | D:1      | MeekVeins the Merfolk Ice Elementalist began the quest for
                  | the Orb.
     0 | D:1      | Reached XP level 1. HP: 13/13 MP: 3/3
   287 | D:1      | Reached XP level 2. HP: 19/19 MP: 5/5
   401 | D:1      | Reached skill level 1 in Fighting
   469 | D:1      | Reached XP level 3. HP: 27/27 MP: 6/6
   604 | D:1      | Learned a level 3 spell: Ozocubu's Armour
  1428 | D:2      | Noticed Terence
  1439 | D:2      | Killed Terence
  1439 | D:2      | Reached XP level 4. HP: 28/35 MP: 7/7
  1700 | D:2      | Found a snail-covered altar of Cheibriados.
  1730 | D:2      | Reached XP level 5. HP: 33/42 MP: 8/8
  2094 | D:3      | Found a white marble altar of Elyvilon.
  2543 | D:3      | Found a burning altar of Makhleb.
  3024 | D:4      | Found an ancient bone altar of Kikubaaqudgha.
  3049 | D:4      | Reached XP level 6. HP: 50/50 MP: 9/9
  3064 | D:4      | Reached skill level 1 in Throwing
  3071 | D:4      | Reached skill level 5 in Fighting
  3076 | D:4      | Found a glowing drain.
  3116 | Sewer    | Entered a sewer
  3573 | D:5      | Entered Level 5 of the Dungeon
  3699 | D:5      | Reached XP level 7. HP: 56/56 MP: 8/10
  3721 | D:5      | Got a scorched shield
  3727 | D:5      | Identified the +3 shield of the Stars {Int+5 Dex+2} (You
                  | found it on level 5 of the Dungeon)
  3765 | D:5      | Reached skill level 5 in Dodging
  4354 | D:5      | Reached skill level 1 in Shields
  4843 | D:6      | Found a shattered altar of Ashenzari.
  4859 | D:6      | Reached XP level 8. HP: 60/64 MP: 11/11
  4929 | D:6      | Found a staircase to the Ecumenical Temple.
  4937 | Temple   | Entered the Ecumenical Temple
  4955 | Temple   | Became a worshipper of Warmaster Okawaru
  5342 | D:7      | Found a sacrificial altar of Ru.
  5363 | D:7      | Reached * piety under Okawaru
  5505 | D:6      | Reached skill level 5 in Shields
  5567 | D:6      | Reached XP level 9. HP: 69/69 MP: 12/12
  5809 | D:6      | Reached ** piety under Okawaru
  5809 | D:6      | Reached skill level 1 in Invocations
  5857 | D:6      | Reached skill level 10 in Dodging
  6726 | D:7      | Reached skill level 1 in Polearms
  7030 | D:8      | Found a shimmering blue altar of Sif Muna.
  7287 | D:8      | Found a glowing golden altar of the Shining One.
  7419 | D:8      | Reached *** piety under Okawaru
  7516 | D:8      | Reached skill level 5 in Polearms
  7622 | D:8      | Found a hide-covered altar of Uskayaw.
  7623 | D:8      | Noticed a +0 hand axe
  7623 | D:8      | Noticed a +0 hand axe
  7844 | D:8      | Reached XP level 10. HP: 55/80 MP: 13/13
  8130 | D:9      | Found a shimmering altar of Xom.
  8180 | D:9      | Noticed an elephant
  8509 | D:9      | Killed an elephant
  8509 | D:9      | Reached **** piety under Okawaru
  8552 | D:8      | Reached skill level 10 in Polearms
  8926 | D:9      | Found a staircase to the Lair.
  9130 | D:9      | Found an opulent altar of Gozag.
  9183 | D:9      | Found a glowing golden altar of the Shining One.
  9183 | D:9      | Found a white marble altar of Elyvilon.
  9183 | D:9      | Found a glowing silver altar of Zin.
  9574 | D:7      | Reached ***** piety under Okawaru
  9585 | D:7      | Got a crude long sword
  9683 | D:7      | Identified the +4 long sword "Ili Comi" {freeze, +Rage rN+
                  | MP+9} (You found it on level 7 of the Dungeon)
  9807 | D:7      | Noticed a moth of wrath
  9859 | D:7      | Found a bloodstained altar of Trog.
 10064 | D:10     | Entered Level 10 of the Dungeon
 10074 | D:10     | Found a sparkling altar of Nemelex Xobeh.
 10366 | D:10     | Noticed a two-headed ogre
 10392 | D:10     | Killed a two-headed ogre
 10392 | D:10     | Received a gift from Okawaru
 10392 | D:10     | Reached XP level 11. HP: 63/86 MP: 14/14
 10641 | D:11     | Noticed a cyan ugly thing
 10657 | D:11     | Received a gift from Okawaru
 10719 | D:11     | Killed a cyan ugly thing
 10719 | D:11     | Received a gift from Okawaru
 10756 | D:11     | Noticed an unseen horror
 10787 | D:11     | Killed an unseen horror
 10889 | D:11     | Received a gift from Okawaru
 10910 | D:11     | Noticed a two-headed ogre
 11147 | D:11     | Reached skill level 5 in Invocations
 11411 | D:11     | Noticed a cyan ugly thing
 11441 | D:11     | Killed a cyan ugly thing
 11628 | D:11     | Noticed a two-headed ogre
 11638 | D:11     | Killed a two-headed ogre
 11638 | D:11     | Received a gift from Okawaru
 12106 | Lair:1   | Entered Level 1 of the Lair of Beasts
 12386 | D:9      | Reached XP level 12. HP: 76/92 MP: 18/18
 12555 | D:9      | Reached skill level 1 in Evocations
 13225 | Lair:1   | Received a gift from Okawaru
 13363 | Lair:1   | Identified the Papyrus of Ashen Black Magic
 13577 | Lair:1   | Noticed a death yak
 13585 | Lair:1   | Noticed a death yak
 13665 | D:9      | Killed a death yak
 13972 | D:9      | Killed a death yak
 13972 | D:9      | Reached skill level 5 in Evocations
 14061 | Lair:1   | Noticed a death yak
 14232 | D:9      | Killed a death yak
 14548 | Lair:1   | Noticed a seven-headed hydra
 14560 | Lair:1   | Killed a seven-headed hydra
 14560 | Lair:1   | Reached ****** piety under Okawaru
 14641 | Lair:1   | Reached skill level 15 in Dodging
 15596 | Lair:2   | Noticed a four-headed hydra
 15601 | Lair:2   | Killed a four-headed hydra
 15601 | Lair:2   | Reached XP level 13. HP: 98/98 MP: 19/19
 15633 | Lair:2   | Found a staircase to the Snake Pit.
 16257 | Lair:2   | Received a gift from Okawaru
 17187 | Lair:3   | Reached skill level 10 in Fighting
 18349 | Lair:4   | Found a staircase to the Swamp.
 19008 | Lair:5   | Reached skill level 10 in Invocations
 19023 | Lair:5   | Received a gift from Okawaru
 19047 | Lair:5   | Got a pitted chain mail {god gift}
 19058 | Lair:5   | Identified the +7 chain mail of Ykhliaj {god gift, *Drain
                  | MR++ Dex+2 Stlth+} (Okawaru gifted it to you on level 5 of
                  | the Lair of Beasts)
 19589 | Lair:5   | Found a staircase to the Slime Pits.
 19700 | Lair:5   | Reached skill level 5 in Throwing
 19785 | Lair:5   | Got a brightly glowing scale mail
 20318 | Lair:6   | Entered Level 6 of the Lair of Beasts
 20321 | Lair:5   | Identified the cursed +1 scale mail of Tekiomimp {Regen+
                  | rCorr} (You found it on level 5 of the Lair of Beasts)
 20537 | Lair:6   | Reached skill level 1 in Armour
 20669 | Lair:6   | Reached XP level 14. HP: 61/110 MP: 21/21
 20795 | Lair:6   | Noticed Urug
 21347 | Lair:6   | Got a fine helmet
 21354 | Lair:6   | Identified the +5 helmet of Ilynte {+Fly rN+ MP+9} (You
                  | found it on level 6 of the Lair of Beasts)
 21493 | Lair:6   | Killed Urug
 22442 | D:12     | Found a staircase to the Orcish Mines.
 22480 | D:12     | Received a gift from Okawaru
 22558 | D:12     | Found an iron altar of Okawaru.
 22642 | D:12     | Found Ziomn's Assorted Antiques.
 22644 | D:12     | You fall into a shaft and drop 2 floors!
 23614 | D:12     | Noticed Frances
 23654 | D:12     | Killed Frances
 23654 | D:12     | Received a gift from Okawaru
 23661 | D:12     | Got a wizard robe {god gift}
 23672 | D:12     | Identified the +0 robe of the Slightly Bent {god gift,
                  | *Drain rPois rC+ Str+5} (Okawaru gifted it to you on level
                  | 12 of the Dungeon)
 23973 | D:12     | Found a runed translucent gate.
 23973 | D:12     | Found a runed translucent gate.
 23973 | D:12     | Found a runed translucent gate.
 23976 | D:12     | Noticed MisterFreud's ghost (novice TrHu)
 24029 | D:12     | Bought a scroll labeled TENGYI XATTO for 20 gold pieces
 24029 | D:12     | Bought a scroll of identify for 40 gold pieces
 24080 | Orc:1    | Entered Level 1 of the Orcish Mines
 24105 | Orc:1    | Paralysed by an orc sorcerer for 5 turns
 24361 | Orc:1    | Got a faintly glowing hat
 24372 | Orc:1    | Identified the +0 hat of Whack-A-Mole {+Blink MR++ Regen+
                  | Int-3} (You found it on level 1 of the Orcish Mines)
 24540 | Orc:2    | Entered Level 2 of the Orcish Mines
 24614 | Orc:2    | Reached skill level 1 in Charms
 24845 | Orc:2    | Noticed a stone giant
 24867 | Orc:2    | Killed a stone giant
 25273 | Orc:2    | Found a staircase to the Elven Halls.
 25409 | Orc:2    | Noticed an orc warlord
 25415 | Orc:2    | Reached skill level 5 in Ice Magic
 25415 | Orc:2    | Reached XP level 15. HP: 109/120 MP: 22/22
 25491 | Orc:2    | Killed an orc warlord
 25700 | Orc:2    | Received a gift from Okawaru
 26102 | Orc:2    | Found Nynaif's General Store.
 26103 | Orc:2    | Found Kublead's Jewellery Shop.
 26104 | Orc:2    | Found Aloirrei's Antique Armour Boutique.
 26104 | Orc:2    | Found Ilyleump's Antique Weapon Boutique.
 26118 | Orc:2    | Bought a scroll of identify for 28 gold pieces
 26118 | Orc:2    | Bought a scroll of identify for 28 gold pieces
 26119 | Orc:2    | Identified 2 scrolls of acquirement
 26131 | Orc:2    | Bought a glowing demon trident for 540 gold pieces
 26324 | D:14     | Noticed Kirke
 26334 | D:14     | Reached skill level 10 in Shields
 26446 | D:14     | Killed Kirke
 26833 | D:14     | Found a gate to the Vaults.
 27056 | D:14     | Noticed Rupert
 27098 | D:14     | Killed Rupert
 27205 | D:15     | Entered Level 15 of the Dungeon
 27259 | D:15     | Found a staircase to the Depths.
 27370 | D:15     | Received a gift from Okawaru
 27445 | D:15     | Found an ancient bone altar of Kikubaaqudgha.
 27637 | D:15     | Found Toabliux's Antique Weapon Shoppe.
 27984 | Swamp:1  | Entered Level 1 of the Swamp
 28026 | Swamp:1  | Received a gift from Okawaru
 28340 | Swamp:1  | Received a gift from Okawaru
 28364 | Swamp:1  | Received a gift from Okawaru
 28938 | Swamp:2  | Reached XP level 16. HP: 127/127 MP: 23/23
 29319 | Swamp:2  | Got a flickering granite ring
 29323 | Swamp:2  | Identified the ring of Rawn {Int+2 Slay+5} (You found it on
                  | level 2 of the Swamp)
 30253 | Swamp:3  | Found an ornate altar of the Wu Jian Council.
 30567 | Swamp:3  | Noticed a thorn hunter
 30586 | Swamp:3  | Killed a thorn hunter
 30708 | Swamp:3  | Received a gift from Okawaru
 30947 | Swamp:4  | Entered Level 4 of the Swamp
 31951 | Swamp:4  | Received a gift from Okawaru
 31957 | Swamp:4  | Got a pair of ancient gloves {god gift}
 31968 | Swamp:4  | Identified the +1 pair of gloves "Gics" {god gift, Str+4
                  | Slay-4 SInv} (Okawaru gifted it to you on level 4 of the
                  | Swamp)
 32003 | Swamp:4  | Reached skill level 5 in Stealth
 32075 | Swamp:4  | Noticed a tentacled monstrosity
 32106 | Swamp:4  | Killed a tentacled monstrosity
 32170 | Swamp:4  | Reached XP level 17. HP: 135/137 MP: 24/24
 32270 | Swamp:4  | Got a decaying rune of Zot
 32626 | Snake:1  | Entered Level 1 of the Snake Pit
 32683 | Snake:1  | Found a frozen archway.
 32700 | IceCv    | Entered an ice cave
 32905 | IceCv    | Received a gift from Okawaru
 33243 | IceCv    | Noticed an Ice Fiend
 33470 | IceCv    | Killed an Ice Fiend
 34029 | Snake:1  | Reached skill level 15 in Shields
 34193 | Snake:1  | Found a hide-covered altar of Uskayaw.
 34949 | Snake:2  | Received a gift from Okawaru
 35577 | Snake:2  | Reached skill level 10 in Stealth
 35591 | Snake:2  | Found a glowing golden altar of the Shining One.
 35618 | Snake:2  | Reached skill level 15 in Fighting
 36362 | Snake:2  | Identified the +1 plate armour of Duntualu {god gift, rC+
                  | Regen+} (Okawaru gifted it to you on level 2 of the Snake
                  | Pit)
 36415 | Snake:3  | Reached XP level 18. HP: 149/149 MP: 25/25
 36972 | Snake:3  | Received a gift from Okawaru
 37391 | Snake:4  | Entered Level 4 of the Snake Pit
 37470 | Snake:4  | Identified the +6 quarterstaff of Satyriasis {crush, rC-
                  | Str+4 Int+4}
 37472 | Snake:4  | Identified the +8 war axe of Destiny {distort, rF+ SInv}
 37472 | Snake:4  | Noticed Gusias's ghost (adept OgFE)
 37473 | Snake:4  | Found a bloodstained altar of Trog.
 37473 | Snake:4  | Found a transporter.
 37473 | Snake:4  | Identified the +5 flail of Watchfulness {speed, *Contam
                  | *Corrode Str+3 Dex+7}
 37565 | Snake:4  | Found a glowing golden altar of the Shining One.
 37635 | Snake:4  | Received a gift from Okawaru
 37669 | Snake:4  | Received a gift from Okawaru
 38067 | Snake:4  | Found a transporter.
 38078 | Snake:4  | Found Naklav's Magic Scroll Shop.
 38098 | Snake:4  | Bought a scroll of enchant weapon for 142 gold pieces
 38099 | Snake:4  | Bought a scroll of enchant weapon for 142 gold pieces
 38215 | Snake:4  | Received a gift from Okawaru
 38266 | Snake:4  | Identified the +3 spear "No More Talking" {god gift,
                  | pierce, -Tele rPois MR+ Stlth+} (Okawaru gifted it to you
                  | on level 4 of the Snake Pit)
 39204 | Snake:4  | Received a gift from Okawaru
 39377 | Snake:4  | Reached XP level 19. HP: 118/157 MP: 28/28
 39493 | Snake:4  | Got a serpentine rune of Zot
 39985 | Vaults:1 | Entered Level 1 of the Vaults
 40284 | Vaults:1 | Noticed Nikola
 40302 | Vaults:1 | Killed Nikola
 40637 | Vaults:1 | Found Xatt's Food Boutique.
 40991 | Vaults:1 | Received a gift from Okawaru
 41225 | Vaults:2 | You fall into a shaft and drop 1 floor!
 41979 | Vaults:2 | Received a gift from Okawaru
 42273 | Vaults:2 | Received a gift from Okawaru
 42389 | Vaults:2 | Identified the +8 large shield "Gosis" {god gift, +Fly rF+
                  | Str+4 Int+2} (Okawaru gifted it to you on level 2 of the
                  | Vaults)
 42764 | Vaults:2 | Found a staircase to the Crypt.
 43439 | Vaults:3 | Reached XP level 20. HP: 168/168 MP: 29/29
 43565 | Vaults:3 | Received a gift from Okawaru
 44142 | Vaults:3 | Received a gift from Okawaru
 44619 | Vaults:4 | Noticed Saint Roka
 44635 | Vaults:4 | Killed Saint Roka
 44751 | Vaults:4 | Found Mafrotwek's Armour Shop.
 44772 | Vaults:4 | Received a gift from Okawaru
 45480 | Vaults:4 | Found a portal to a secret trove of treasure.
 45759 | Vaults:4 | Reached XP level 21. HP: 159/177 MP: 30/30
 45857 | Vaults:4 | Received a gift from Okawaru
 46446 | D:12     | Killed MisterFreud's ghost
 46775 | Orc:2    | Received a gift from Okawaru
 46778 | Orc:2    | Got a steaming large shield {god gift}
 46789 | Orc:2    | Identified the +0 large shield "Yklizan" {god gift, rF+}
                  | (Okawaru gifted it to you on level 2 of the Orcish Mines)
 46965 | Depths:1 | Entered Level 1 of the Depths
 46996 | Depths:1 | You fall into a shaft and drop 1 floor!
 46996 | Depths:2 | Found a gateway to a ziggurat.
 47101 | Depths:1 | Found a gateway to Hell.
 47168 | Depths:1 | Found a magical portal.
 47297 | Depths:1 | Reached skill level 5 in Armour
 48578 | Depths:2 | Received a gift from Okawaru
 48907 | Depths:2 | Noticed a golden dragon
 48908 | Depths:2 | Noticed a caustic shrike
 48955 | Depths:2 | Received a gift from Okawaru
 49357 | Depths:2 | Found a runed translucent door.
 49357 | Depths:2 | Noticed a juggernaut
 49358 | Depths:2 | Found a runed translucent door.
 49359 | Depths:2 | Found a runed translucent door.
 49384 | Depths:2 | Killed a juggernaut
 49384 | Depths:2 | Received a gift from Okawaru
 49384 | Depths:2 | Received a gift from Okawaru
 49384 | Depths:2 | Reached XP level 22. HP: 139/184 MP: 31/31
 49470 | Depths:2 | Killed a caustic shrike
 49494 | Depths:2 | Killed a golden dragon
 49685 | Depths:2 | Got an ichor-stained robe
 49696 | Depths:2 | Identified the +1 robe "Varufriu" {MP+9 Int+3 SInv} (You
                  | found it on level 2 of the Depths)
 49714 | Depths:2 | Got a crude marble ring
 49716 | Depths:2 | Identified the ring of Talonky {rF++ rN+ MP+9 Str+2 Dex-4}
                  | (You found it on level 2 of the Depths)
 50241 | Depths:3 | Noticed a golden dragon
 50259 | Depths:3 | Killed a golden dragon
 50721 | Depths:3 | Noticed a juggernaut
 50751 | Depths:3 | Found a runed translucent door.
 50758 | Depths:3 | Noticed a caustic shrike
 50765 | Depths:3 | Reached skill level 10 in Armour
 50833 | Depths:3 | Received a gift from Okawaru
 50853 | Depths:3 | Got a jewelled chain mail {god gift}
 50864 | Depths:3 | Identified the +4 chain mail of Tartarus {god gift, rPois
                  | Str+7 Stlth-} (Okawaru gifted it to you on level 3 of the
                  | Depths)
 50941 | Depths:3 | Noticed a golden dragon
 51679 | Depths:3 | Noticed a juggernaut
 51705 | Depths:3 | Killed a juggernaut
 51719 | Depths:3 | Killed a golden dragon
 51930 | Depths:3 | Killed a caustic shrike
 51930 | Depths:3 | Reached XP level 23. HP: 176/192 MP: 32/32
 51968 | Depths:3 | Noticed a golden dragon
 51986 | Depths:3 | Killed a golden dragon
 51986 | Depths:3 | Received a gift from Okawaru
 52042 | Depths:3 | Killed a juggernaut
 52117 | Depths:3 | Noticed a golden dragon
 52131 | Depths:3 | Killed a golden dragon
 52471 | Depths:3 | Noticed a juggernaut
 52486 | Depths:3 | Killed a juggernaut
 52618 | Depths:3 | Received a gift from Okawaru
 52784 | Depths:3 | Found a one-way gate leading to the halls of Pandemonium.
 53198 | Depths:4 | Found Bestreewk's Distillery.
 53237 | Depths:4 | Found a transporter.
 53604 | Depths:4 | Gained mutation: You are occasionally teleported next to
                  | monsters. [a shining eye]
 53609 | Depths:4 | Lost mutation: You are occasionally teleported next to
                  | monsters. [potion of mutation]
 53609 | Depths:4 | Gained mutation: You can translocate small distances at
                  | will. [potion of mutation]
 53609 | Depths:4 | Gained mutation: Your muscles are strong. (Str +2) [potion
                  | of mutation]
 53609 | Depths:4 | Gained mutation: Your flesh is cold resistant. (rC+)
                  | [potion of mutation]
 53619 | Depths:4 | Found a one-way gate to the infinite horrors of the Abyss.
 53621 | Depths:4 | Noticed Louise
 53648 | Depths:4 | Killed Louise
 53652 | Depths:4 | Received a gift from Okawaru
 53786 | Depths:4 | Received a gift from Okawaru
 54092 | Depths:4 | Found a transporter.
 54471 | Depths:4 | Noticed a juggernaut
 54472 | Depths:4 | Noticed a juggernaut
 54482 | Depths:4 | Noticed a caustic shrike
 54508 | Depths:4 | Killed a caustic shrike
 54549 | Depths:4 | Reached XP level 24. HP: 178/203 MP: 32/32
 54589 | Depths:4 | Got a faintly glowing copper ring
 54596 | Depths:4 | Identified the amulet of the Stag {RegenMP rElec rPois
                  | Str+6} (You found it on level 4 of the Depths)
 54615 | Depths:4 | Got a pitted golden amulet
 54719 | Depths:3 | Identified the amulet of Cevei {+Rage Str+7 Dex+3} (You
                  | found it on level 4 of the Depths)
 54722 | Depths:3 | Identified the ring of Reur {*Tele rF+ Slay+3} (You found
                  | it on level 4 of the Depths)
 54852 | Depths:5 | Entered Level 5 of the Depths
 54862 | Depths:5 | Received a gift from Okawaru
 54974 | Depths:5 | Noticed a juggernaut
 54990 | Depths:5 | Killed a juggernaut
 56010 | Depths:5 | Reached skill level 10 in Evocations
 56382 | Depths:5 | Received a gift from Okawaru
 57050 | Depths:5 | Found a gate to the Realm of Zot.
 60926 | Vaults:5 | Entered Level 5 of the Vaults
 60948 | Vaults:5 | Received a gift from Okawaru
 60981 | Vaults:5 | Reached XP level 25. HP: 155/210 MP: 33/33
 60999 | Vaults:5 | Received a gift from Okawaru
 61083 | Vaults:5 | Identified the ring "Keczog" {rElec rF+ MR+ Dex+2}
 61432 | Vaults:5 | Identified the Volume of Darkness
 61492 | Vaults:5 | Received a gift from Okawaru
 61592 | Vaults:5 | Received a gift from Okawaru
 61797 | Vaults:5 | Received a gift from Okawaru
 62296 | Vaults:5 | Reached skill level 15 in Polearms
 62296 | Vaults:5 | Reached XP level 26. HP: 168/219 MP: 33/33
 62548 | Vaults:5 | Identified the cursed +1 hand crossbow of Upheaval {elec,
                  | Fragile +Fly rF+ rN+}
 62548 | Vaults:5 | Identified the ring of Geninuubb {rPois rN+ Str+4}
 62754 | Vaults:5 | Identified the +5 long sword "Hell-Harrower" {venom, +Fly
                  | rC- Int+3}
 62754 | Vaults:5 | Identified the ring of Grace {Wiz *Slow rF+ rN+}
 62863 | Vaults:5 | Got a silver rune of Zot
 63095 | Vaults:5 | Received a gift from Okawaru
 63156 | Vaults:5 | Identified the ring "Okhuot" {Int+6 Dex+3 Stlth+}
 63201 | Vaults:5 | Received a gift from Okawaru
 63241 | Vaults:5 | Identified the ring of Suh Guth {*Tele rN+++ MP-9 Dex+5}
 63428 | Vaults:5 | Identified the Grimoire of Doomed Air
 63435 | Vaults:5 | Learned a level 3 spell: Regeneration
 63765 | Vaults:4 | You paid a toll of +3 gold dragon scales to enter a
                  | treasure trove
 63766 | Trove    | Entered a treasure trove
 63779 | Trove    | Got a scintillating lead amulet
 63780 | Trove    | Identified the amulet of Meacw {+Rage rC+ Dex+4} (You found
                  | it in a treasure trove)
 63784 | Trove    | Identified the +0 cloak of the Ageless Coins {+Inv rElec
                  | Dex-4} (You found it in a treasure trove)
 63791 | Trove    | Got an ancient amethyst amulet
 63792 | Trove    | Identified the amulet of Kanatok {Spirit Int+3} (You found
                  | it in a treasure trove)
 64254 | Zot:1    | Entered Level 1 of the Realm of Zot
 64562 | Elf:1    | Entered Level 1 of the Elven Halls
 64631 | Elf:1    | Found a shimmering blue altar of Sif Muna.
 64633 | Elf:1    | Found Qutudwus's Gadget Shoppe.
 64961 | Elf:1    | Found Fysmet's Armour Emporium.
 65018 | Elf:1    | Got a pair of transparent boots
 65019 | Elf:1    | Identified the +2 pair of boots "Ywninab" {*Slow rElec
                  | MR+++ Str-4} (You acquired it on level 1 of the Elven
                  | Halls)
 65233 | Elf:1    | Found a runed translucent gate.
 65233 | Elf:1    | Found a runed translucent gate.
 65233 | Elf:1    | Found a runed translucent gate.
 65233 | Elf:1    | Found a runed translucent gate.
 65233 | Elf:1    | Found a runed translucent gate.
 65234 | Elf:1    | Found a runed translucent gate.
 65483 | Elf:2    | Found a runed translucent gate.
 65504 | Elf:2    | Found Nemaux's Assorted Antiques.
 65548 | Elf:2    | Bought a potion of agility for 116 gold pieces
 65690 | Elf:2    | Found a runed translucent gate.
 65690 | Elf:2    | Found a runed translucent gate.
 65690 | Elf:2    | Noticed Ykhopp's ghost (journeyman DsAK)
 65715 | Elf:2    | Killed Ykhopp's ghost
 65774 | Elf:2    | Received a gift from Okawaru
 65814 | Elf:2    | Found a huge runed translucent gate.
 65814 | Elf:2    | Found a huge runed translucent gate.
 65826 | Elf:2    | Identified the +0 glaive of Grandeur {god gift, venom,
                  | +Rage Str+4 Int+3 Dex-3} (Okawaru gifted it to you on level
                  | 2 of the Elven Halls)
 65839 | Elf:2    | Found a huge runed translucent gate.
 65839 | Elf:2    | Found a huge runed translucent gate.
 65857 | Elf:2    | Found a huge runed translucent gate.
 66307 | Elf:3    | Entered Level 3 of the Elven Halls
 66656 | Elf:3    | Received a gift from Okawaru
 66701 | Elf:3    | Identified the cursed +2 morningstar of Peohireol {flame,
                  | rElec Int+8 Stlth+}
 66718 | Elf:3    | Reached XP level 27. HP: 205/231 MP: 33/33
 66831 | Elf:3    | Identified the +2 robe of True Grit {Str+3}
 66839 | Elf:3    | Identified the +7 double sword "Ettueka" {chaos, rC+
                  | Stlth+}
 67014 | Elf:3    | Identified the +2 helmet of Tusk {rElec Str+2} (You found
                  | it on level 3 of the Elven Halls)
 67022 | Elf:3    | Identified the +4 fire dragon scales of Makhleb's Vengeance
                  | {rElec rF++ rC- MR+} (You found it on level 3 of the Elven
                  | Halls)
 67042 | Elf:3    | Identified the +6 falchion of Doubt {venom, *Noise Dex+6}
 67080 | Elf:3    | Identified the Compendium of Boosts and Feathers
 67301 | Elf:3    | Found Ygomanew's Jewellery Emporium.
 68686 | Lair:6   | Received a gift from Okawaru
 68691 | Lair:6   | Identified the Catalogue of Virous Fire
 69328 | Lair:6   | Found the brooch of Shielding {Reflect SH+8}
 70297 | Zot:1    | Identified the Papyrus of Ensnaring Protection
 70890 | Zot:2    | Reached skill level 15 in Armour
 70928 | Zot:2    | Received a gift from Okawaru
 71652 | Zot:2    | Reached skill level 15 in Evocations
 71776 | Zot:2    | Learned a level 1 spell: Summon Butterflies
 71822 | Zot:3    | Noticed an orb of fire
 71944 | Zot:3    | Reached skill level 1 in Summonings
 71958 | Zot:3    | Reached skill level 1 in Necromancy
 72195 | Zot:3    | Gained mutation: Scrolls take you a little longer to read.
                  | [an orb of fire]
 72199 | Zot:3    | Killed an orb of fire
 72200 | Zot:3    | Received a gift from Okawaru
 72216 | Zot:2    | Noticed an orb of fire
 72222 | Zot:3    | Gained mutation: Your body sometimes deteriorates upon
                  | taking damage. [an orb of fire]
 72223 | Zot:3    | Gained mutation: Potions are less effective at restoring
                  | your health. [an orb of fire]
 72225 | Zot:3    | Killed an orb of fire
 72238 | Zot:3    | Lost mutation: Potions are less effective at restoring your
                  | health. [potion of mutation]
 72238 | Zot:3    | Lost mutation: Your body sometimes deteriorates upon taking
                  | damage. [potion of mutation]
 72238 | Zot:3    | Lost mutation: Scrolls take you a little longer to read.
                  | [potion of mutation]
 72238 | Zot:3    | Gained mutation: You are agile. (Dex +2) [potion of
                  | mutation]
 72238 | Zot:3    | Gained mutation: Your spells are a little easier to cast,
                  | but a little less powerful. [potion of mutation]
 72238 | Zot:3    | Gained mutation: You are somewhat resistant to further
                  | mutation. [potion of mutation]
 72267 | Zot:5    | Entered Level 5 of the Realm of Zot
 72510 | Zot:5    | Reached skill level 5 in Charms
 72517 | Zot:5    | Reached skill level 5 in Spellcasting
 72605 | Zot:5    | Received a gift from Okawaru
 72608 | Zot:5    | Identified the +1 ring mail of Qadiamuch {god gift, Str+7
                  | Dex-3} (Okawaru gifted it to you on level 5 of the Realm of
                  | Zot)
 73293 | Zot:5    | Noticed an ancient lich
 73308 | Zot:5    | Killed an ancient lich
 73341 | Zot:5    | Noticed an orb of fire
 73350 | Zot:5    | Noticed an ancient lich
 73373 | Zot:4    | Killed an orb of fire
 73380 | Zot:5    | Noticed an orb of fire
 73432 | Zot:4    | Killed an orb of fire
 73767 | Zot:4    | Killed an ancient lich
 73767 | Zot:4    | Received a gift from Okawaru
 73767 | Zot:4    | Received a gift from Okawaru
 74052 | Zot:5    | Received a gift from Okawaru
 74053 | Zot:5    | Reached skill level 5 in Necromancy
 74299 | Zot:5    | Noticed an ancient lich
 74300 | Zot:5    | Received a gift from Okawaru
 74300 | Zot:5    | Reached skill level 10 in Charms
 74544 | Zot:5    | Killed an ancient lich
 74556 | Zot:4    | Received a gift from Okawaru
 75009 | Zot:5    | Noticed an ancient lich
 75037 | Zot:5    | Killed an ancient lich
 75493 | Zot:5    | Got the Orb of Zot
 75502 | Zot:5    | Noticed Qiutiecw the pandemonium lord
 75553 | Zot:5    | Killed Qiutiecw the pandemonium lord
 75827 | Depths:2 | Noticed Zegeno Zut the pandemonium lord
 75938 | D:14     | Received a gift from Okawaru
 76196 | D:$      | Escaped with the Orb!

Levels and vault maps discovered:
D:1:      lemuel_arrival_lava_pool, layout_loops_cross
D:2:      layout_loops_cross, overflow_temple_1_default,
          minmay_misc_feat_hallway, uniq_terence
D:3:      layout_loops_cross, lemuel_coloured_pillars_altar, first_ration,
          elyvilon_altar_4
D:4:      layout_basic, kennysheep_mini_moat, portal_sewer_entry_b
D:5:      minmay_recursive_quarters, layout_basic, kennysheep_small_square
D:6:      layout_loops_ring, nicolae_overflow_crystal_walls,
          minmay_temple_entry_drinking_statues, serial_glass, glass_columns_b,
          glass_columns_c, glass_columns_b, glass_columns_c,
          minmay_strange_pillars, minmay_strange_pillars
D:7:      layout_loops_ring, nicolae_ru_awakened_eye, tgw_trog, grunt_ogre_cave,
          mrwooster_statue_mirror, hangedman_misty_isle
D:8:      layout_gridville, overflow_temple_1_default, dancing_weapons_uskayaw,
          nicolae_tso_besieged_by_evil
D:9:      layout_long_grid, good_gods_mini_temple, kennysheep_little_box,
          old_standard_altar, david_lair_generic
D:10:     layout_cave_pools, serial_column_ruins, column_ruins_temple_hall,
          column_ruins_square_large, column_ruins_grid_3,
          column_ruins_open_tiny, column_ruins_open_tiny
D:11:     layout_roguey
D:12:     layout_roguey, david_orc_1_choice, serial_shops,
          nicolae_shop_overgrown_old_shop, basic_altar,
          ebering_ghost_rock_garden, uniq_frances
D:13:     layout_roguey
D:14:     layout_loops_ring, ximxim_vaults_locker_room, uniq_rupert, uniq_kirke
D:15:     hangedman_depths_entry_civil_slaughter, layout_cross, serial_shops,
          nicolae_shop_overgrown_old_shop, hangedman_decor_growths, basic_altar,
          drop_trap
Temple:   compressed_dpeg_triangle_lava_temple
Lair:1:   beast_lair_carwin_large_1, layout_gridlike,
          chequers_serial_rivers_micro_e, grunt_forest_large_clearings
Lair:2:   layout_regular_city, minmay_snake_entry_six_corridors, minmay_holes,
          chequers_serial_rivers_room_a
Lair:3:   layout_cave_pods, nicolae_quartered_pool_super
Lair:4:   lemuel_slime, layout_regular_city, swamp_mist
Lair:5:   layout_roguey, minmay_slime_entry_oklob_open, kilobyte_rumbling_trees
Lair:6:   due_jungle_book, layout_loops_ring, minmay_lair_oklob_chamber,
          infiniplex_staircase_pool_2, uniq_urug
Swamp:1:  layout_falls_marsh, nicolae_swamp_fairy_circle
Swamp:2:  layout_basic_swamp, evilmike_swamp_ruin_house_2,
          infiniplex_staircase_pool
Swamp:3:  layout_basic_swamp, lemuel_altar_in_water
Swamp:4:  swamp_vile, layout_basic_swamp
Snake:1:  layout_misc_corridors, portal_ice_cave_entry_ice_statue_two,
          basic_altar, nicolae_snake_double_loop
Snake:2:  layout_layer_cave, basic_altar, serial_bayou_shore_a
Snake:3:  layout_rooms, guppyfry_library_mini
Snake:4:  johnstein_snake_rune_scales, layout_gridlike, serial_shops, shop,
          gammafunk_ghost_wrathful_warriors, basic_altar
Orc:1:    layout_caves, hangedman_minor_magic
Orc:2:    st_orc_congregation, layout_caves
Elf:1:    eino_elf_arrival_the_gate, layout_geoelf_diagonals, basic_altar,
          serial_shops, shop, shop, orc_legates
Elf:2:    layout_onion_city, serial_shops, shop, ebering_ghost_rock_garden,
          grunt_ministairs_8, lemuel_flame_loot_1
Elf:3:    minmay_elf_hall_quartered_circle, layout_geoelf_castle,
          minmay_shop_enchanted_jewellery
Vaults:1: hangedman_vaults_nodes, nicolae_vaults_network_barrier,
          hangedman_vaults_impose, v_misc_24, ontoclasm_vaults_chip,
          nicolae_vaults_shelves_hall, layout_vaults_omnigrid, serial_shops,
          shop, uniq_nikola
Vaults:2: minmay_crypt_entry_simple_plaza, hangedman_vaults_stagger,
          nicolae_vaults_big_angled_halls, nicolae_vaults_puzzle_piece,
          nicolae_vaults_network_star, ontoclasm_vaults_bender,
          vaults_standard_mumra_enter_the_diamond, v_alt_pattern_6,
          v_alt_pattern_3, nicolae_vaults_theta,
          nicolae_vaults_little_squares_6, ontoclasm_vaults_chip,
          layout_vaults_ring
Vaults:3: nicolae_vaults_specimen_jars, dpeg_vaults_monster_row,
          nicolae_vaults_ninety_degrees, hangedman_vaults_locks,
          vaults_room_pool, hangedman_vaults_cutoff, vaults_room_pool,
          ontoclasm_vaults_decontamination, v_misc_17, layout_vaults_big_room
Vaults:4: nicolae_vaults_network_periphery, v_rooms_6, vaults_room_corners,
          v_misc_12, hangedman_vaults_capsules, vaults_room_semicircle,
          nicolae_vaults_angled_halls, st_spiral_rooms, v_misc_1,
          vaults_room_door_ring, vaults_room_stairs_pillars, vaults_room_pools,
          layout_vaults_omnicross, serial_shops, shop, enter_trove_6,
          uniq_saint_roka
Vaults:5
Depths:1: layout_roguey, serial_glass, glass_columns_a, glass_columns_a,
          glass_columns_a, glass_columns_a, glass_columns_a,
          grunt_hell_entry_dis_mu, infiniplex_enter_wizlab_glasses,
          hangedman_research_quantum
Depths:2: minmay_the_grid_triangle_9x9_recursive_3
          [minmay_the_grid_triangle_9x9_corrupted_corridor,
          minmay_the_grid_triangle_9x9_windchime,
          minmay_the_grid_triangle_9x9_fully_insulated_deathbox,
          minmay_the_grid_triangle_9x9_prize_insulated,
          minmay_the_grid_triangle_9x9_corruption,
          minmay_the_grid_triangle_9x9_from_above,
          minmay_the_grid_triangle_9x9_wacky_v,
          minmay_the_grid_triangle_9x9_odd_lines,
          minmay_the_grid_triangle_9x9_thin_v], layout_cave_pools,
          enter_ziggurat_b, hangedman_geh_valley
Depths:3: box_level_dp, pan_entry, hell_entry
Depths:4: gammafunk_dig_for_victory, layout_basic, hangedman_coc_ice_floe,
          nicolae_abyss_entry_one_way_or_another, serial_shops, shop,
          eino_curves_03, grunt_megastairs_1, serial_bayou_shore_b,
          infiniplex_staircase_zigzag_2
Depths:5: grunt_zot_entry_gee_three, layout_basic, lightli_too_deep, hex_medium,
          onia_ninara_cookie
Zot:1:    layout_twisted_circle
Zot:2:    kennysheep_bubbly, layout_basic, st_stairs_8
Zot:3:    layout_misc_corridors
Zot:4:    kennysheep_room_grid, layout_gridlike
Zot:5:    layout_basic, st_stairs_3, skrybe_zot_glass_3

Skill      XL: |  1  2  3  4  5  6  7  8  9 10 11 12 13 14 15 16 17 18 19 20 21 22 23 24 25 26 27 |
---------------+----------------------------------------------------------------------------------+-----
Ice Magic      | 4 5 6 |  6.0
Fighting       | 1 3 4 5 6 8 10 12 13 15 16 17 18 19 20 22 | 22.0
Dodging        | 3 4 7 9 10 11 12 15 16 17 18 20 22 | 22.0
Throwing       | 3 6 |  6.0
Shields        | 2 5 8 13 14 15 18 20 21 22 | 22.0
Invocations    | 3 8 10 12 | 12.0
Polearms       | 7 12 14 15 18 | 18.0
Evocations     | 6 8 14 16 | 16.0
Armour         | 3 4 7 10 11 12 14 18 | 18.0
Charms         | 2 10 | 10.0
Spellcasting   | 3 6 |  6.0
Stealth        | 5 10 12 14 | 14.0
Summonings     | 4 |  4.0
Necromancy     | 6 |  6.0
Conjurations   | |  0.7

Action                   |  1- 3 |  4- 6 |  7- 9 | 10-12 | 13-15 | 16-18 | 19-21 | 22-24 | 25-27 || total
-------------------------+-------+-------+-------+-------+-------+-------+-------+-------+-------++-------
Melee: Short sword       |    47 |    96 |   325 |    83 |       |       |       |       |       ||   551
       Trident           |       |       |   113 |   936 |   834 |       |       |       |       ||  1883
       Spear             |       |       |    94 |       |       |       |       |       |       ||    94
       Tailslap          |       |       |       |       |     5 |    29 |       |     3 |    24 ||    61
       Demon trident     |       |       |       |       |  1000 |  1361 |  1660 |  1693 |  2733 ||  8447
Throw: Dart              |    27 |    63 |    83 |   124 |    99 |    20 |     3 |     4 |     2 ||   425
 Cast: Freeze            |    19 |     4 |     8 |    12 |       |       |       |       |       ||    43
       Ozocubu's Armour  |       |       |     1 |       |     4 |    46 |    11 |       |       ||    62
       Regeneration      |       |       |       |       |       |       |       |       |     3 ||     3
Invok: Heroism           |       |       |       |     3 |     9 |       |     3 |     5 |    14 ||    34
       Finesse           |       |       |       |     2 |     4 |     2 |     4 |     8 |    11 ||    31
 Abil: Evoke Invisibilit |       |       |       |       |       |       |       |       |     7 ||     7
Evoke: Wand              |       |       |     2 |    22 |    30 |    43 |     7 |    13 |    13 ||   130
       Phial of floods   |       |       |       |       |       |       |       |     1 |     3 ||     4
       Lamp of fire      |       |       |       |       |       |       |       |     1 |     3 ||     4
  Use: Scroll            |       |     4 |     5 |     4 |    26 |    12 |     9 |     9 |    24 ||    93
       Potion            |       |       |       |       |     4 |     2 |     2 |     3 |    18 ||    29
 Stab: Sleeping          |     7 |     2 |     5 |     8 |    15 |    25 |    40 |    13 |    34 ||   149
       Distracted        |       |       |       |     3 |     7 |     8 |    11 |     5 |    15 ||    49
       Paralysed         |       |       |       |       |     3 |       |     8 |       |     1 ||    12
       Invisible         |       |       |       |       |     6 |       |       |       |    63 ||    69
       Confused          |       |       |       |       |       |     2 |       |       |       ||     2
  Eat: Chunk             |     2 |     7 |    12 |    20 |    33 |    12 |    26 |    21 |    19 ||   152
       Ration            |       |       |     1 |     2 |     3 |     7 |     3 |     6 |    10 ||    32
Armor: Robe              |     7 |       |       |       |    26 |    53 |    32 |       |       ||   118
       Leather armour    |     9 |    19 |    25 |       |       |       |       |       |       ||    53
       Steam dragon scal |       |       |    63 |    88 |    55 |       |       |       |       ||   206
       Scale mail        |       |       |       |       |       |       |    37 |    24 |       ||    61
       Chain mail        |       |       |       |       |       |       |       |   162 |   246 ||   408
Dodge: Dodged            |    45 |    60 |   339 |   519 |   577 |   339 |   388 |   376 |   594 ||  3237
Block: Shield            |       |       |   306 |   521 |   597 |   479 |   164 |       |       ||  2067
       Large shield      |       |       |       |       |       |       |   891 |  1347 |  2260 ||  4498
       Reflection        |       |       |       |       |       |       |       |    34 |    59 ||    93

Table legend:
 A = Non-vault XP
 B = Vault XP
 C = Vault XP percentage of total XP
 D = Non-vault monster count
 E = Vault monster count
 F = Vault count percentage of total count
                 A         B        C        D         E       F
            +---------+---------+-------+---------+---------+-------
      Total |  801105 |  869985 |  52.1 |    1459 |     920 |  38.7
            +---------+---------+-------+---------+---------+-------
        D:1 |      48 |       0 |   0.0 |      24 |       0 |   0.0
        D:2 |     108 |      32 |  22.9 |      19 |       1 |   5.0
        D:3 |      41 |       0 |   0.0 |      13 |       0 |   0.0
        D:4 |      79 |      48 |  37.8 |       4 |       7 |  63.6
        D:5 |     472 |     137 |  22.5 |      10 |      11 |  52.4
        D:6 |    1523 |       0 |   0.0 |      27 |       0 |   0.0
        D:7 |     658 |     961 |  59.4 |      16 |      12 |  42.9
        D:8 |    1001 |     400 |  28.6 |      31 |       9 |  22.5
        D:9 |    5871 |    1423 |  19.5 |      43 |       9 |  17.3
       D:10 |    1706 |       0 |   0.0 |      15 |       0 |   0.0
       D:11 |    7662 |       0 |   0.0 |      43 |       0 |   0.0
       D:12 |    6172 |    4215 |  40.6 |      37 |      11 |  22.9
       D:13 |    6858 |     217 |   3.1 |      29 |       1 |   3.3
       D:14 |    3269 |    9554 |  74.5 |       9 |      18 |  66.7
       D:15 |    7290 |    4746 |  39.4 |      19 |       6 |  24.0
     Lair:1 |    3137 |    5284 |  62.7 |      14 |      32 |  69.6
     Lair:2 |    3884 |    1257 |  24.5 |      13 |       9 |  40.9
     Lair:3 |    3602 |       0 |   0.0 |      18 |       0 |   0.0
     Lair:4 |    4018 |     514 |  11.3 |      17 |      16 |  48.5
     Lair:5 |    5995 |     664 |  10.0 |      28 |       6 |  17.6
     Lair:6 |   18824 |    7515 |  28.5 |      47 |      17 |  26.6
    Swamp:1 |    7494 |       0 |   0.0 |      23 |       0 |   0.0
    Swamp:2 |    8434 |       0 |   0.0 |      22 |       0 |   0.0
    Swamp:3 |   16935 |       0 |   0.0 |      31 |       0 |   0.0
    Swamp:4 |   14170 |   21728 |  60.5 |      43 |      29 |  40.3
    Snake:1 |   20444 |     898 |   4.2 |      39 |       2 |   4.9
    Snake:2 |   17417 |       0 |   0.0 |      35 |       0 |   0.0
    Snake:3 |   18020 |    4636 |  20.5 |      33 |       9 |  21.4
    Snake:4 |   20381 |   40491 |  66.5 |      36 |      62 |  63.3
      Orc:1 |    1668 |    1497 |  47.3 |      22 |      16 |  42.1
      Orc:2 |    4011 |   11604 |  74.3 |      21 |      77 |  78.6
      Elf:1 |   11309 |   14461 |  56.1 |      19 |      28 |  59.6
      Elf:2 |   21565 |    5655 |  20.8 |      33 |       8 |  19.5
      Elf:3 |   16859 |   42380 |  71.5 |      32 |      29 |  47.5
   Vaults:1 |    4433 |   10266 |  69.8 |       9 |      10 |  52.6
   Vaults:2 |   35330 |   20100 |  36.3 |      53 |      26 |  32.9
   Vaults:3 |   24760 |   21783 |  46.8 |      44 |      22 |  33.3
   Vaults:4 |   34877 |   34117 |  49.4 |      52 |      49 |  48.5
   Vaults:5 |   63038 |  160638 |  71.8 |      95 |     109 |  53.4
   Depths:1 |   36713 |     675 |   1.8 |      48 |       2 |   4.0
   Depths:2 |   34746 |   46944 |  57.5 |      44 |      31 |  41.3
   Depths:3 |   45464 |   90551 |  66.6 |      57 |      67 |  54.0
   Depths:4 |   41235 |   33413 |  44.8 |      50 |      23 |  31.5
   Depths:5 |   58591 |   54826 |  48.3 |      56 |      40 |  41.7
      Zot:1 |   24633 |       0 |   0.0 |      13 |       0 |   0.0
      Zot:2 |   38762 |   22904 |  37.1 |      25 |      11 |  30.6
      Zot:3 |   39156 |   11639 |  22.9 |      15 |       2 |  11.8
      Zot:4 |   12866 |   44964 |  77.8 |       6 |       9 |  60.0
      Zot:5 |   45576 |  125833 |  73.4 |      27 |      37 |  57.8
      Sewer |       0 |     110 | 100.0 |       0 |       6 | 100.0
      IceCv |       0 |   10905 | 100.0 |       0 |      51 | 100.0
            +---------+---------+-------+---------+---------+-------

Table legend:
 A = Turns spent in this place as a percentage of turns spent in the entire game.
 B = Non-inter-level travel turns spent in this place as a percentage of non-inter-level travel turns spent in the entire game.
 C = Inter-level travel turns spent in this place as a percentage of turns spent in this place.
 D = Turns resting spent in this place as a percentage of non-inter-level travel turns spent in this place.
 E = Turns spent auto-exploring this place as a percentage of non-inter-level travel turns spent in this place.
 F = Non-inter-level travel turns spent in this place divided by the number of levels of this place that you've seen.
                   A       B       C       D       E      F
               +-------+-------+-------+-------+-------+----------------------
         Total | 100.0 | 100.0 |  13.4 |  24.2 |  41.8 | 1221.7
       Dungeon |  24.4 |  23.5 |  16.7 |  19.9 |  48.9 | 1033.8
        Temple |   0.0 |   0.0 |  45.9 |   0.0 |  50.0 |  20.0
          Lair |  14.3 |  14.2 |  13.8 |  25.3 |  43.3 | 1564.3
         Swamp |   6.1 |   6.6 |   6.8 |  30.9 |  43.1 | 1089.2
     Snake Pit |   7.9 |   8.5 |   7.4 |  27.6 |  43.6 | 1399.8
  Orcish Mines |   3.4 |   3.2 |  18.7 |   6.1 |  40.7 | 1047.0
   Elven Halls |   4.1 |   4.4 |   6.1 |   1.3 |  65.3 | 976.0
        Vaults |  13.4 |  13.1 |  15.4 |  17.9 |  44.0 | 1732.8
        Depths |  16.5 |  15.4 |  19.3 |  28.8 |  34.6 | 2030.0
           Zot |   7.8 |   8.7 |   2.5 |  40.2 |  22.3 | 1154.2
         Trove |   0.1 |   0.1 |   0.0 |   0.0 |  10.0 |  50.0
         Sewer |   0.2 |   0.2 |   0.0 |   0.0 |  17.6 | 136.0
      Ice Cave |   1.6 |   1.9 |   0.0 |  51.1 |  15.8 | 1239.0
        Wizlab |   0.1 |   0.1 |   0.0 |   0.0 |  38.4 |  73.0
               +-------+-------+-------+-------+-------+----------------------

Table legend:
 A = Kills in this place as a percentage of kills in entire the game.
 B = Kills by you in this place as a percentage of kills by you in the entire game.
 C = Kills by friends in this place as a percentage of kills by friends in the entire game.
 D = Other kills in this place as a percentage of other kills in the entire game.
 E = Experience gained in this place as a percentage of experience gained in the entire game.
 F = Experience gained in this place divided by the number of levels of this place that you have seen.
                   A       B       C       D       E      F
               +-------+-------+-------+-------+-------+----------------------
         Total | 100.0 | 100.0 | 100.0 | 100.0 | 100.0 | 31507.0
       Dungeon |  17.8 |  17.9 |  25.0 |   0.0 |   4.0 | 4530.4
          Lair |   9.1 |   9.1 |  12.5 |   0.0 |   3.2 | 9115.7
         Swamp |   6.2 |   6.3 |   0.0 |   0.0 |   4.0 | 17190.2
     Snake Pit |   9.0 |   9.1 |   0.0 |   0.0 |   7.2 | 30571.8
  Orcish Mines |   5.7 |   5.8 |   0.0 |   0.0 |   1.1 | 9390.0
   Elven Halls |   6.2 |   6.0 |   0.0 |  33.3 |   6.6 | 37409.7
        Vaults |  19.6 |  19.6 |  62.5 |   5.6 |  24.1 | 81868.4
        Depths |  17.6 |  17.5 |   0.0 |  27.8 |  26.2 | 88994.6
           Zot |   6.4 |   6.3 |   0.0 |  27.8 |  23.0 | 78268.4
         Sewer |   0.3 |   0.3 |   0.0 |   0.0 |   0.0 | 110.0
      Ice Cave |   2.1 |   2.1 |   0.0 |   5.6 |   0.6 | 10905.0
               +-------+-------+-------+-------+-------+----------------------

Levels and vault maps discovered:
D:1:      lemuel_arrival_lava_pool, layout_loops_cross
D:2:      layout_loops_cross, overflow_temple_1_default,
          minmay_misc_feat_hallway, uniq_terence
D:3:      layout_loops_cross, lemuel_coloured_pillars_altar, first_ration,
          elyvilon_altar_4
D:4:      layout_basic, kennysheep_mini_moat, portal_sewer_entry_b
D:5:      minmay_recursive_quarters, layout_basic, kennysheep_small_square
D:6:      layout_loops_ring, nicolae_overflow_crystal_walls,
          minmay_temple_entry_drinking_statues, serial_glass, glass_columns_b,
          glass_columns_c, glass_columns_b, glass_columns_c,
          minmay_strange_pillars, minmay_strange_pillars
D:7:      layout_loops_ring, nicolae_ru_awakened_eye, tgw_trog, grunt_ogre_cave,
          mrwooster_statue_mirror, hangedman_misty_isle
D:8:      layout_gridville, overflow_temple_1_default, dancing_weapons_uskayaw,
          nicolae_tso_besieged_by_evil
D:9:      layout_long_grid, good_gods_mini_temple, kennysheep_little_box,
          old_standard_altar, david_lair_generic
D:10:     layout_cave_pools, serial_column_ruins, column_ruins_temple_hall,
          column_ruins_square_large, column_ruins_grid_3,
          column_ruins_open_tiny, column_ruins_open_tiny
D:11:     layout_roguey
D:12:     layout_roguey, david_orc_1_choice, serial_shops,
          nicolae_shop_overgrown_old_shop, basic_altar,
          ebering_ghost_rock_garden, uniq_frances
D:13:     layout_roguey
D:14:     layout_loops_ring, ximxim_vaults_locker_room, uniq_rupert, uniq_kirke
D:15:     hangedman_depths_entry_civil_slaughter, layout_cross, serial_shops,
          nicolae_shop_overgrown_old_shop, hangedman_decor_growths, basic_altar,
          drop_trap
Temple:   compressed_dpeg_triangle_lava_temple
Lair:1:   beast_lair_carwin_large_1, layout_gridlike,
          chequers_serial_rivers_micro_e, grunt_forest_large_clearings
Lair:2:   layout_regular_city, minmay_snake_entry_six_corridors, minmay_holes,
          chequers_serial_rivers_room_a
Lair:3:   layout_cave_pods, nicolae_quartered_pool_super
Lair:4:   lemuel_slime, layout_regular_city, swamp_mist
Lair:5:   layout_roguey, minmay_slime_entry_oklob_open, kilobyte_rumbling_trees
Lair:6:   due_jungle_book, layout_loops_ring, minmay_lair_oklob_chamber,
          infiniplex_staircase_pool_2, uniq_urug
Swamp:1:  layout_falls_marsh, nicolae_swamp_fairy_circle
Swamp:2:  layout_basic_swamp, evilmike_swamp_ruin_house_2,
          infiniplex_staircase_pool
Swamp:3:  layout_basic_swamp, lemuel_altar_in_water
Swamp:4:  swamp_vile, layout_basic_swamp
Snake:1:  layout_misc_corridors, portal_ice_cave_entry_ice_statue_two,
          basic_altar, nicolae_snake_double_loop
Snake:2:  layout_layer_cave, basic_altar, serial_bayou_shore_a
Snake:3:  layout_rooms, guppyfry_library_mini
Snake:4:  johnstein_snake_rune_scales, layout_gridlike, serial_shops, shop,
          gammafunk_ghost_wrathful_warriors, basic_altar
Orc:1:    layout_caves, hangedman_minor_magic
Orc:2:    st_orc_congregation, layout_caves
Elf:1:    eino_elf_arrival_the_gate, layout_geoelf_diagonals, basic_altar,
          serial_shops, shop, shop, orc_legates
Elf:2:    layout_onion_city, serial_shops, shop, ebering_ghost_rock_garden,
          grunt_ministairs_8, lemuel_flame_loot_1
Elf:3:    minmay_elf_hall_quartered_circle, layout_geoelf_castle,
          minmay_shop_enchanted_jewellery
Vaults:1: hangedman_vaults_nodes, nicolae_vaults_network_barrier,
          hangedman_vaults_impose, v_misc_24, ontoclasm_vaults_chip,
          nicolae_vaults_shelves_hall, layout_vaults_omnigrid, serial_shops,
          shop, uniq_nikola
Vaults:2: minmay_crypt_entry_simple_plaza, hangedman_vaults_stagger,
          nicolae_vaults_big_angled_halls, nicolae_vaults_puzzle_piece,
          nicolae_vaults_network_star, ontoclasm_vaults_bender,
          vaults_standard_mumra_enter_the_diamond, v_alt_pattern_6,
          v_alt_pattern_3, nicolae_vaults_theta,
          nicolae_vaults_little_squares_6, ontoclasm_vaults_chip,
          layout_vaults_ring
Vaults:3: nicolae_vaults_specimen_jars, dpeg_vaults_monster_row,
          nicolae_vaults_ninety_degrees, hangedman_vaults_locks,
          vaults_room_pool, hangedman_vaults_cutoff, vaults_room_pool,
          ontoclasm_vaults_decontamination, v_misc_17, layout_vaults_big_room
Vaults:4: nicolae_vaults_network_periphery, v_rooms_6, vaults_room_corners,
          v_misc_12, hangedman_vaults_capsules, vaults_room_semicircle,
          nicolae_vaults_angled_halls, st_spiral_rooms, v_misc_1,
          vaults_room_door_ring, vaults_room_stairs_pillars, vaults_room_pools,
          layout_vaults_omnicross, serial_shops, shop, enter_trove_6,
          uniq_saint_roka
Vaults:5
Depths:1: layout_roguey, serial_glass, glass_columns_a, glass_columns_a,
          glass_columns_a, glass_columns_a, glass_columns_a,
          grunt_hell_entry_dis_mu, infiniplex_enter_wizlab_glasses,
          hangedman_research_quantum
Depths:2: minmay_the_grid_triangle_9x9_recursive_3
          [minmay_the_grid_triangle_9x9_corrupted_corridor,
          minmay_the_grid_triangle_9x9_windchime,
          minmay_the_grid_triangle_9x9_fully_insulated_deathbox,
          minmay_the_grid_triangle_9x9_prize_insulated,
          minmay_the_grid_triangle_9x9_corruption,
          minmay_the_grid_triangle_9x9_from_above,
          minmay_the_grid_triangle_9x9_wacky_v,
          minmay_the_grid_triangle_9x9_odd_lines,
          minmay_the_grid_triangle_9x9_thin_v], layout_cave_pools,
          enter_ziggurat_b, hangedman_geh_valley
Depths:3: box_level_dp, pan_entry, hell_entry
Depths:4: gammafunk_dig_for_victory, layout_basic, hangedman_coc_ice_floe,
          nicolae_abyss_entry_one_way_or_another, serial_shops, shop,
          eino_curves_03, grunt_megastairs_1, serial_bayou_shore_b,
          infiniplex_staircase_zigzag_2
Depths:5: grunt_zot_entry_gee_three, layout_basic, lightli_too_deep, hex_medium,
          onia_ninara_cookie
Zot:1:    layout_twisted_circle
Zot:2:    kennysheep_bubbly, layout_basic, st_stairs_8
Zot:3:    layout_misc_corridors
Zot:4:    kennysheep_room_grid, layout_gridlike
Zot:5:    layout_basic, st_stairs_3, skrybe_zot_glass_3
